 Dungeon Crawl Stone Soup version 0.27-a0-61-g21144fbd99 (webtiles) character file.

Game seed: 8614369775422854431

63 robertstho the Skirmisher (level 3, 0/34 HPs)
             Began as a Minotaur Monk on Jan 8, 2021.
             Slain by an orc
             ... wielding a +0 flail
              (3 damage)
             ... on level 3 of the Dungeon.
             The game lasted 00:01:31 (2245 turns).

robertstho the Skirmisher (Minotaur Monk)           Turns: 2245, Time: 00:01:31

Health: 0/34       AC:  3    Str: 15 (16) XL:     3   Next: 89%
Magic:  2/2        EV: 13    Int:  6 (7)  God:
Gold:   38         SH:  0    Dex: 10 (12) Spells: 2/2 levels left

rFire    . . .     SeeInvis .   i - +0 short sword (speed)
rCold    . . .     Faith    .   (no shield)
rNeg     . . .     Spirit   .   b - +0 robe
rPois    .         Reflect  .   (helmet restricted)
rElec    .         Harm     .   e - +0 cloak
rCorr    .         Rampage  .   (no gloves)
Will     .....                  (no boots)
Stlth    +++.......             (no amulet)
HPRegen  0.11/turn              (no ring)
MPRegen  0.08/turn              (no ring)

@: no status effects
A: retaliatory headbutt, horns 2, talons 1, camouflage 1, no potion heal 1
a: no special abilities


You were on level 3 of the Dungeon.
You visited 1 branch of the dungeon, and saw 4 of its levels.

You collected 38 gold pieces.

Inventory:

Hand Weapons
 a - a +0 hand axe
 i - a +0 short sword of speed (weapon)
Armour
 b - a +0 robe (worn)
 e - a +0 cloak (worn)
Scrolls
 c - a scroll of immolation {unknown}
 d - a scroll of fog {unknown}
 g - a scroll of remove curse {unknown}
 h - a scroll of teleportation {unknown}
 j - a scroll of enchant weapon {unknown}
 k - a scroll of identify {unknown}
Potions
 f - a potion of degeneration


   Skills:
 * Level 4.5 Fighting
 + Level 0.2 Short Blades
 + Level 4.4 Axes
 * Level 1.3 Armour
 + Level 3.7 Dodging
 - Level 1.5 Stealth


You had 2 spell levels left.
You didn't know any spells.
Your spell library was empty.

Dungeon Overview and Level Annotations

Branches:
Dungeon (4/15)
 Temple: D:4-7

Altars:
Kikubaaqudgha
Uskayaw


Innate Abilities, Weirdness & Mutations

You reflexively headbutt those who attack you in melee.
You have a pair of horns on your head.
You have sharp toenails.
Your skin changes colour to match your surroundings (Stealth+).
Potions are less effective at restoring your health.


Message History

You are too injured to fight recklessly!
You are too injured to fight recklessly!
You are too injured to fight recklessly!
You are too injured to fight recklessly!
You are too injured to fight recklessly!
You are too injured to fight recklessly!
You are too injured to fight recklessly!
You are too injured to fight recklessly!
Unknown command.
You barely miss the orc. Your kick misses the orc.
You hit the orc but do no damage. The orc barely misses you.
The orc hits you with a +0 flail.
You hit the orc. You claw the orc. Your headbutt misses the orc.
The orc is almost dead.
The orc hits you with a +0 flail!
* * * LOW HITPOINT WARNING * * *
You closely miss the orc. Your kick misses the orc.
The orc is almost dead.
The orc hits you with a +0 flail.
You die...

..#...###...# #..
........+...# ###.....##
......###...###........#
.............##..≈≈..⌠..
...#.........#..≈≈≈≈...#
...#...........≈≈≈≈≈..#
...#............≈≈≈≈≈.##
...##.####.......o.≈...#
.. #....<.......@†.≈(..#
#...........⌠.o..≈_.#
#+####........##....#
#.......## ####
#.####.... ## #####


You could see 2 orcs.

Vanquished Creatures
  A worker ant (D:4)
  A worm (D:3)
  A dart slug (D:2)
  2 leopard geckos
  An orc (D:3)
  A bat (D:1)
  6 hobgoblins
  4 kobolds
  4 frilled lizards
  6 goblins
  5 rats
32 creatures vanquished.

Notes
Turn   | Place    | Note
-------+----------+-------------------------------------------
     0 | D:1      | robertstho the Minotaur Monk began the quest for the Orb.
     0 | D:1      | Reached XP level 1. HP: 19/19 MP: 0/0
   354 | D:1      | Reached XP level 2. HP: 22/27 MP: 1/1
  1375 | D:1      | Reached skill level 1 in Armour
  1784 | D:2      | Reached XP level 3. HP: 33/33 MP: 2/2
  1841 | D:2      | Found a hide-covered altar of Uskayaw.
  1841 | D:2      | You fall into a shaft and drop 2 floors!
  1870 | D:4      | Gained mutation: Your skin changes colour to match your
                  | surroundings (Stealth+). [potion of mutation]
  1870 | D:4      | Gained mutation: Potions are less effective at restoring
                  | your health. [potion of mutation]
  1870 | D:4      | Gained mutation: You have sharp toenails. [potion of
                  | mutation]
  2235 | D:3      | Found an ancient bone altar of Kikubaaqudgha.
  2245 | D:3      | Slain by an orc

Illustrated notes

Levels and vault maps discovered:
D:1:      wheals_arrival_linesprint, layout_loops_corners, serial_forest,
          infiniplex_forest_split, infiniplex_forest_straight_2,
          infiniplex_forest_3_way, infiniplex_forest_straight_2,
          infiniplex_forest_fountain, infiniplex_forest_lined_3_way,
          infiniplex_forest_straight_2
D:2:      wander_river, layout_basic, eat_drink_and_be_merry_uskayaw,
          fiery_altar_vehumet
D:3:      layout_basic, kiku_gazebo_pond_becter, led_xom_imps,
          cheibriados_altar_1, lemuel_crystal_altar
D:4:      layout_cave_pools, general_overflow_altar,
          minmay_temple_entry_offerings, lemuel_tele_altar

Skill      XL: |  1  2 |
---------------+-------+-----
Fighting       | 4 |  4.5
Axes           | 4 |  4.4
Armour         | 1 |  1.3
Short Blades   | |  0.2
Dodging        | |  3.7
Stealth        | |  1.5

Action                   || total
-------------------------++-------
Melee: Hand axe          ||    39
       Headbutt          ||    13
       Short sword       ||    38
       Kick              ||     4
  Use: Potion            ||     3
 Stab: Sleeping          ||     1
Armor: Robe              ||     5
Dodge: Dodged            ||    40

Table legend: (Time is in decaauts)
 A = Elapsed time spent in this place.
 B = Non-inter-level travel time spent in this place.
 C = Inter-level travel time spent in this place.
 D = Time resting spent in this place.
 E = Time spent auto-exploring this place.
 F = Levels seen in this place.
 G = Mean time per level.
                   A        B        C        D        E       F      G
               +--------+--------+--------+--------+--------+-----+--------+
         Total |   2240 |   2182 |     58 |    291 |   1680 |   4 |  560.0 |
       Dungeon |   2240 |   2182 |     58 |    291 |   1680 |   4 |  560.0 |
               +--------+--------+--------+--------+--------+-----+--------+

Top non-repeatable levels by time:
     D:1: 1730 daAuts
     D:4: 326 daAuts
     D:2: 111 daAuts
     D:3: 72 daAuts
